 Dungeon Crawl Stone Soup version 0.26.1-11-gd32895ea62 (webtiles) character file.

Game seed: 14045574759551292765

146 Zeld the Sneak (level 5, 0/34 HPs)
             Began as an Octopode Brigand on May 14, 2021.
             Slain by an orc
             ... wielding a +0 morningstar
              (6 damage)
             ... on level 3 of the Dungeon.
             The game lasted 00:02:21 (2818 turns).

Zeld the Sneak (Octopode Brigand)                   Turns: 2818, Time: 00:02:21

Health: 0/34       AC:  1    Str: 18    XL:     5   Next: 28%
Magic:  8/8        EV: 13    Int: 13    God:
Gold:   72         SH:  0    Dex: 13    Spells: 8/8 levels left

rFire    . . .     SeeInvis .   a - +2 dagger
rCold    . . .     Faith    .   (no shield)
rNeg     . . .     Spirit   .   (helmet restricted)
rPois    .         Reflect  .   (no amulet)
rElec    .         Harm     .   m - +6 ring of strength
rCorr    .         Rampage  .   (no ring)
Will     .....                  (no ring)
Stlth    ++++......             (no ring)
HPRegen  0.11/turn              (no ring)
MPRegen  0.11/turn              (no ring)
                                (no ring)
                                (no ring)

@: no status effects
A: almost no armour, stealthy swim, amphibious, 8 rings, constrict 8, camouflage
1, gelatinous body 1
a: no special abilities


You were on level 3 of the Dungeon.
You visited 1 branch of the dungeon, and saw 3 of its levels.

You collected 72 gold pieces.

Inventory:

Hand Weapons
 a - a +2 dagger (weapon)
Missiles
 b - 8 poisoned darts (quivered)
 c - 2 curare-tipped darts
Jewellery
 m - a +6 ring of strength (left tentacle)
Scrolls
 d - a scroll of noise {unknown}
 h - 2 scrolls of identify {unknown}
 j - a scroll of magic mapping {unknown}
 k - a scroll of fog {unknown}
 l - a scroll of remove curse {unknown}
 n - a scroll of blinking {unknown}
 o - a scroll of teleportation {unknown}
Potions
 e - a potion of attraction {unknown}
 f - a potion of curing {unknown}
 g - a potion of resistance {unknown}
 i - a potion of berserk rage {unknown}
 p - a potion of lignification {unknown}


   Skills:
 - Level 2.0 Fighting
 * Level 4.5 Short Blades
 - Level 2.0 Throwing
 - Level 1.0 Dodging
 - Level 5.3 Stealth
 + Level 2.2 Spellcasting


You had 8 spell levels left.
You didn't know any spells.
Your spell library was empty.

Dungeon Overview and Level Annotations

Branches:
Dungeon (3/15)

Altars:


Innate Abilities, Weirdness & Mutations

You cannot wear most types of armour.
You are very stealthy in the water. (Stealth+)
You are amphibious.
You can wear up to eight rings at the same time.
You can use your tentacles to constrict eight enemies at once.
Your skin changes colour to match your surroundings (Stealth+).
Your rubbery body absorbs attacks. (AC +1, EV +1)


Message History

p - a smoky silvery potion You now have 72 gold pieces (gained 17).
Items here: )) [[.
You start resting.
You start resting.
You start resting.
HP restored.
Things that are here:
a +0 robe; a +0 dagger; a +0 flail
Items here: )) [[.
Things that are here:
a +0 ring mail; a +0 mace; an orc skeleton
There is a stone staircase leading down here.
You climb downwards.
The orc hits you with a +0 flail! The orc hits you with a +0 morningstar!
The orc hits you with a +0 flail.
* * * LOW HITPOINT WARNING * * *
The orc closely misses you. x2
There is a stone staircase leading up, spattered with blood here.
The orc hits you with a +0 morningstar.
You die...

#..............
###..............
#................ ...
#............... .. ...
#.....o......####.# ..#
#....o.......#....#
..######...#####....#....#
.........†######[o..#....#
..........##...o@o.......#
...oo.....##...[o......#.#
........o.##.............#
..)....###...............#
.......().....######.....#
..............### #....#
........†.......# ....#
................# .....
.......#####....# .....


You could see 4 orcs.

Vanquished Creatures
  2 orc wizards
  2 adders (D:2)
  An ooze (D:3)
  A worm (D:2)
  2 dart slugs (D:1)
  2 leopard geckos
  8 orcs
  3 bats
  A bat skeleton (D:2)
  7 giant cockroaches
  8 goblins
  4 hobgoblins
  5 kobolds
  2 frilled lizards (D:1)
  A giant cockroach zombie (D:2)
  A leopard gecko zombie (D:2)
  7 rats
57 creatures vanquished.

Notes
Turn   | Place    | Note
-------+----------+-------------------------------------------
     0 | D:1      | Zeld the Octopode Brigand began the quest for the Orb.
     0 | D:1      | Reached XP level 1. HP: 14/14 MP: 1/1
   115 | D:1      | Reached XP level 2. HP: 19/19 MP: 2/2
   218 | D:1      | Reached skill level 1 in Spellcasting
   312 | D:1      | Reached XP level 3. HP: 24/24 MP: 4/4
   933 | D:2      | Found a faded altar of an unknown god.
  1349 | D:2      | Reached XP level 4. HP: 29/29 MP: 6/6
  2430 | D:3      | Reached XP level 5. HP: 24/34 MP: 8/8
  2818 | D:3      | Slain by an orc

Illustrated notes

Levels and vault maps discovered:
D:1:      dpeg_arrival_prison, layout_basic, moated_statue
D:2:      layout_loops_ring, serial_undead, serial_undead_a, serial_undead_a,
          serial_undead_a, serial_undead_c, serial_undead_a, serial_undead_c,
          chequers_ecumenical_altar_twisty
D:3:      layout_basic, serial_park_tiny_2

Skill      XL: |  1  2  3  4 |
---------------+-------------+-----
Spellcasting   | 1 2 |  2.2
Short Blades   | 3 4 |  4.5
Fighting       | |  2.0
Throwing       | |  2.0
Dodging        | |  1.0
Stealth        | |  5.3

Action                   |  1- 3 |  4- 6 || total
-------------------------+-------+-------++-------
Melee: Dagger            |    58 |    53 ||   111
       Constrict         |    18 |    13 ||    31
       Tentacles         |    13 |    11 ||    24
 Stab: Sleeping          |    18 |     1 ||    19
Armor: Skin              |     5 |       ||     5
Dodge: Dodged            |    22 |    34 ||    56
